Map: Triton LE

Players

Kai

  • Race: Zerg Zerg
  • Spawn Location: 11:00

xSaintApocx - Winner!

  • Race: Terran Terran
  • Spawn Location: 5:00

VOD

Have the link to the VOD?

Description

Time

  • Played on: Nov. 26, 2019, 11:56 p.m.
  • Length: 19:21
Show
View Real Time Build Order
Export as new Build Order

Kai Zerg 

Build Orders: Pool First 

Get SALT Encoding   

  12  0:03  Drone  
  13  0:10  Drone  
  14  0:16  Extractor  
  14  0:21  Overlord  
  13  0:27  Drone  
  14  0:46  Spawning Pool  
  13  0:50  Drone  
  13  0:55  Drone  
  13  0:56  Drone  
  16  1:02  Overlord  
  16  1:15  Drone  
  16  1:17  Evolution Chamber  
  16  1:24  Extractor  
  15  1:27  Drone  
  16  1:33  Queen  
  16  1:35  Zergling x2  
  19  1:47  Zergling x2  
  20  2:00  Roach Warren  
  19  2:06  Zerg Ground Armor Level 1  
  19  2:14  Overlord  
  19  2:18  Drone  
  19  2:21  Drone  
  21  2:35  Zergling x2  
  22  2:41  Lair  
  22  2:50  Roach  
  24  3:07  Roach  
  24  3:08  Zergling x2  
  24  3:09  Zergling x2  
  27  3:44  Drone x2  
  27  3:45  Hatchery, Drone  
  29  3:57  Overlord  
  29  4:05  Zerg Melee Weapons Level 1  
  29  4:07  Drone  
  30  4:31  Drone x2  
  32  4:35  Roach  
  34  4:45  Drone  
  35  4:47  Spire  
  34  4:57  Tunneling Claws  
  34  5:01  Roach x2  
  34  5:02  Zergling x2  
  34  5:03  Zergling x4  
  41  5:07  Drone  
  41  5:11  Drone  
  43  5:15  Roach  
  45  5:27  Drone  
  46  5:34  Queen  
  48  5:43  Burrow  
  48  5:45  Roach  
  50  5:56  Extractor  
  49  5:57  Drone x2  
  49  6:00  Overlord, Zerg Missile Weapons Level 1  
  49  6:01  Overlord  
  51  6:19  Drone x2  
  51  6:21  Zergling x2  
  51  6:23  Zergling x6  
  57  6:34  Mutalisk  
  59  6:42  Mutalisk  
  61  6:50  Drone  
  61  6:51  Drone x2  
  61  6:52  Drone  
  65  6:56  Extractor  
  64  7:06  Zerg Flyer Weapons Level 1  
  64  7:19  Glial Reconstitution  
  64  7:22  Drone x2  
  66  7:23  Drone  
  66  7:24  Infestation Pit  
  66  7:33  Overlord x2  
  66  7:53  Mutalisk x2  
  66  7:54  Mutalisk x2  
  63  8:32  Mutalisk  
  63  8:33  Mutalisk x2  
  78  9:05  Zerg Ground Armor Level 2  
  78  9:14  Mutalisk  
  80  9:24  Zerg Flyer Armor Level 1  
  80  9:45  Zergling x6  
  82  9:46  Zergling x2  
  82  9:50  Overlord x2  
  84  9:58  Hive  
  84  10:12  Zergling x6  
  84  10:13  Zergling x2  
  88  10:21  Baneling Nest  
  88  10:26  Zergling x2  
  88  10:27  Zergling x2  
  88  10:28  Zergling x4  
  91  10:50  Ravager  
  91  10:51  Ravager x2  
  91  10:52  Ravager  
  95  10:59  Mutalisk  
  95  11:00  Mutalisk  
  99  11:14  Overlord  
  99  11:15  Overlord x2  
  99  11:17  Ultralisk Cavern  
  98  11:19  Baneling x2  
  98  11:20  Baneling x5  
  98  11:21  Baneling x7  
  98  11:22  Baneling  
  98  11:26  Zergling x4  
  44  12:38  Mutalisk  
  44  12:39  Mutalisk x3  
  52  12:46  Viper  
  52  12:47  Mutalisk x2  
  59  12:56  Mutalisk x2  
  63  13:07  Greater Spire  
  63  13:11  Zergling x6  
  66  13:13  Zergling x8  
  70  13:43  Ultralisk  
  70  13:45  Zergling x6  
  70  13:46  Zergling x4  
  81  13:56  Ultralisk  
  87  14:08  Zergling x2  
  94  14:10  Zergling x4  
  96  14:23  Ultralisk  
  102  14:25  Hatchery  
  102  14:27  Mutalisk  
  102  14:29  Hatchery  
  102  14:35  Baneling x2  
  102  14:36  Baneling x2  
  102  14:37  Baneling  
  102  14:45  Mutalisk  
  102  14:52  Zergling x6  
  107  14:53  Zergling x4  
  107  14:55  Baneling x3  
  107  14:56  Baneling  
  109  15:03  Zergling x2  
  110  15:10  Mutalisk  
  112  15:27  Chitinous Plating  
  112  15:37  Mutalisk  
  109  15:55  Mutalisk  
  80  16:02  Zergling x6  
  68  16:04  Zergling x4  
  59  16:14  Mutalisk  
  59  16:15  Mutalisk  
  58  16:30  Zergling x2, Mutalisk  
  58  16:32  Overlord  
  57  16:45  Zergling x2  
  57  16:46  Zergling x2  
  48  16:58  Zergling x2  
  49  17:05  Viper  
  48  17:13  Mutalisk  
  48  17:15  Zergling x2  
  48  17:16  Zergling x2  
  47  17:29  Zergling x4  
  49  17:43  Zergling x6  
  46  17:58  Mutalisk x3  
  46  17:59  Mutalisk  
  54  18:17  Mutalisk  
Show
View Real Time Build Order
Export as new Build Order

xSaintApocx Terran - Winner!

Build Orders:  

Get SALT Encoding   

  12  0:01  SCV  
  13  0:19  Supply Depot  
  13  0:27  Supply Depot  
  13  0:30  SCV  
  14  0:43  SCV  
  14  0:46  Barracks  
  15  0:54  Refinery  
  15  1:03  Refinery  
  15  1:37  Command Center  
  15  1:43  Orbital Command  
  15  2:01  Barracks, Marine  
  16  2:14  Barracks  
  16  2:40  Engineering Bay  
  16  2:51  Engineering Bay  
  16  3:04  SCV  
  17  3:16  SCV  
  18  3:25  Planetary Fortress  
  18  3:32  SCV  
  19  3:40  Barracks Tech Lab  
  19  3:44  SCV  
  20  3:55  Barracks Tech Lab  
  20  3:57  Barracks Tech Lab  
  20  4:05  Factory  
  20  4:06  SCV  
  21  4:18  SCV  
  21  4:20  Marauder  
  21  4:24  Marauder  
  26  4:25  Concussive Shells  
  26  4:28  Marine  
  26  4:30  SCV  
  28  4:42  SCV  
  29  4:54  SCV  
  30  5:00  Factory Reactor  
  30  5:06  Starport, SCV  
  31  5:12  Barracks  
  31  5:17  Supply Depot  
  31  5:18  SCV  
  32  5:22  Supply Depot  
  32  5:23  Marine  
  32  5:28  Marine  
  34  5:29  Marine  
  34  5:30  SCV  
  36  5:42  SCV  
  37  5:56  SCV  
  38  5:57  Factory Reactor  
  38  6:01  Refinery  
  38  6:02  Refinery  
  38  6:08  SCV  
  39  6:17  Missile Turret  
  39  6:19  Missile Turret  
  39  6:20  SCV  
  39  6:25  Missile Turret  
  40  6:26  Missile Turret  
  40  6:32  SCV  
  41  6:44  SCV  
  41  6:45  Medivac  
  44  6:47  Medivac  
  46  6:55  Marauder x3  
  46  6:56  SCV  
  46  6:57  Marine x2  
  46  7:01  Factory Tech Lab  
  55  7:08  SCV  
  55  7:11  Starport  
  55  7:15  Marine x2  
  58  7:16  Supply Depot  
  58  7:19  Supply Depot  
  58  7:20  SCV  
  59  7:23  Medivac  
  61  7:33  Marine  
  62  7:38  Medivac, SCV, Marine  
  62  7:41  SCV  
  67  7:50  SCV  
  68  7:53  SCV  
  69  8:02  SCV  
  69  8:05  Terran Infantry Armor Level 1, SCV  
  71  8:07  Terran Infantry Weapons Level 1  
  71  8:14  SCV  
  71  8:18  Liberator  
  71  8:26  SCV  
  72  8:38  Medivac, SCV  
  78  8:48  Supply Depot  
  78  8:50  Supply Depot  
  78  8:51  Supply Depot, Stimpack  
  78  8:53  Combat Shield  
  78  9:01  Liberator  
  78  9:10  Medivac x2, SCV  
  78  9:13  Supply Depot  
  78  9:14  Supply Depot  
  83  9:22  Fusion Core  
  86  9:40  Medivac x2  
  86  9:43  Liberator  
  90  9:52  Starport  
  90  9:57  Marauder x3  
  90  9:58  Marine x2  
  101  10:10  Medivac x2  
  105  10:15  Marine x2  
  105  10:18  Marauder x3  
  105  10:19  Command Center  
  113  10:30  Starport  
  113  10:33  Marine x2  
  115  10:39  Marine x3  
  118  10:57  Supply Depot  
  118  10:59  Supply Depot x2  
  118  11:01  Liberator  
  118  11:07  Starport Tech Lab  
  118  11:13  Starport Tech Lab  
  118  11:18  Marine x5  
  126  11:19  Rapid Reignition System  
  126  11:36  Marine x5  
  131  11:40  Supply Depot x3  
  131  11:44  Liberator  
  131  11:53  Marine  
  131  11:54  Marine x4  
  137  12:11  Marine  
  137  12:16  Advanced Ballistics  
  108  12:47  Battlecruiser x3  
  108  12:48  Battlecruiser  
  132  13:12  Marine x3  
  133  13:13  Marine  
  133  13:17  Refinery  
  133  13:18  Refinery  
  136  13:30  Marine x4  
  136  13:31  Armory  
  136  13:32  Armory  
  140  13:35  Weapon Refit  
  140  13:36  Supply Depot  
  140  13:37  Supply Depot  
  140  13:48  Marine x4  
  141  13:49  Planetary Fortress  
  144  14:06  Marine x4  
  148  14:20  Terran Vehicle And Ship Armor Level 1  
  148  14:21  Terran Ship Weapons Level 1  
  148  14:23  Terran Infantry Armor Level 2  
  148  14:24  Terran Infantry Weapons Level 2, Marine x2  
  150  14:36  Battlecruiser  
  156  14:39  Battlecruiser  
  162  14:55  Battlecruiser  
  112  16:31  Battlecruiser x3  
  112  16:32  Battlecruiser  
  135  16:41  Supply Depot  
  135  17:07  Command Center  
  134  17:36  Battlecruiser x2  
  139  17:55  Refinery  
  139  17:57  Refinery  
  133  18:11  Battlecruiser  
  131  18:43  Planetary Fortress  
Tags
 
Matchup
TvZ
Opening
Pool First
Spawn Locations
Cross Positions
Add a new tag
Caveats
  • Supply blocks, unpowered buildings, or Contaminate may cause inaccurate times.
  • Supply counts are checked every 10 seconds.